 Dungeon Crawl Stone Soup version 0.22-a0-181-gb22368a (webtiles) character file.

4 mhoghedin the Magician (level 1, -1/20 HPs)
             Began as a Gnoll Wanderer on Feb 14, 2018.
             Slain by an ooze (2 damage)
             ... on level 1 of the Dungeon.
             The game lasted 00:01:52 (131 turns).

mhoghedin the Magician (Gnoll Wanderer)              Turns: 131, Time: 00:01:53

Health: -1/20      AC:  2    Str: 13    XL:     1   Next: 70%
Magic:  6/6        EV: 15    Int: 11    God:
Gold:   36         SH:  0    Dex: 18    Spells: 9/9 levels left

rFire    . . .     SeeInvis .   e - +0 dagger
rCold    . . .     Gourm    .   (no shield)
rNeg     . . .     Faith    .   d - +0 robe
rPois    .         Spirit   .   (no helmet)
rElec    .         Reflect  .   (no cloak)
rCorr    .         Harm     .   (no gloves)
MR       .....                  (no boots)
Stlth    ++........             (no amulet)
HPRegen  0.06/turn              (no ring)
MPRegen  0.10/turn              (no ring)

@: no status effects
A: distributed training, fangs 1, strong nose
a: no special abilities


You were on level 1 of the Dungeon.
You were not hungry.

You visited 1 branch of the dungeon, and saw 1 of its levels.

You collected 36 gold pieces.

Inventory:

Hand Weapons
 e - a +0 dagger (weapon)
Armour
 d - a +0 robe (worn)
Books
 a - a book of Minor Magic
 b - the Papyrus of the Blaze

   Spells                             Type                      Level
   a - Flame Tongue                   Conjuration/Fire             1
   b - Ignite Poison                  Fire/Transmutation/Poison    3
Comestibles
 f - a ration


   Skills:
 + Level 4.4 Fighting
 + Level 0.1 Short Blades
 + Level 0.1 Long Blades
 + Level 0.1 Axes
 + Level 0.1 Maces & Flails
 + Level 0.1 Polearms
 + Level 0.1 Staves
 + Level 0.1 Slings
 + Level 0.1 Bows
 + Level 0.1 Crossbows
 + Level 0.1 Throwing
 + Level 0.1 Armour
 + Level 4.4 Dodging
 + Level 2.2 Stealth
 + Level 2.4 Shields
 + Level 0.1 Unarmed Combat
 + Level 4.9 Spellcasting
 + Level 0.1 Conjurations
 + Level 0.1 Hexes
 + Level 0.1 Charms
 + Level 0.1 Summonings
 + Level 0.1 Necromancy
 + Level 0.1 Translocations
 + Level 2.0 Transmutations
 + Level 0.1 Fire Magic
 + Level 0.1 Ice Magic
 + Level 0.1 Air Magic
 + Level 0.1 Earth Magic
 + Level 0.1 Poison Magic
 + Level 0.2 Invocations
 + Level 2.4 Evocations


You had 9 spell levels left.
You didn't know any spells.

Dungeon Overview and Level Annotations

Branches:
Dungeon (1/15)

Altars:


Innate Abilities, Weirdness & Mutations

Your experience applies equally to all skills.
You have very sharp teeth.
Your uncanny sense of smell can sniff out nearby items.


Message History

The goblin completely misses you.
You hit the goblin. You bite the goblin. The goblin barely misses you.
You hit the goblin.
You kill the goblin!
Okay, then.
Things that are here:
a club; a goblin corpse A kobold comes into view.
The kobold shouts!
The kobold hits you but does no damage.
You hit the kobold.
You kill the kobold!
No target in view!
You now have 13 gold pieces.
You see here 32 arrows.
You now have 23 gold pieces (gained 10).
You now have 30 gold pieces (gained 7).
You now have 36 gold pieces (gained 6).
A hobgoblin comes into view. It is wielding a club.
Health restored: 20 The helpless hobgoblin fails to defend itself.
You puncture the hobgoblin!
You kill the hobgoblin!
No target in view!
No target in view!
No target in view!
No target in view!
No target in view!
No target in view!
Things that are here:
a club; a hobgoblin corpse An ooze comes into view.
You see here 12 gold pieces.
A rat and a hobgoblin come into view.
The hobgoblin shouts!
The ooze quivers.
The hobgoblin closely misses you.
You hit the ooze but do no damage.
The ooze jiggles.
The ooze barely misses you.
You hit the ooze but do no damage. The ooze hits you. The hobgoblin misses you.
You take 4 damage, and have 16/20 hp.
You hit the ooze. The ooze completely misses you. The hobgoblin misses you.
You hit the ooze. The rat misses you. The ooze closely misses you.
The hobgoblin barely misses you.
You hit the ooze. You bite the ooze, but do no damage.
The rat barely misses you. The ooze hits you.
The hobgoblin hits you with a club.
You take 4 damage, and have 12/20 hp.
You are too injured to fight recklessly!
You are too injured to fight recklessly!
You are too injured to fight recklessly!
You are too injured to fight recklessly!
You are too injured to fight recklessly!
You are too injured to fight recklessly!
The ooze jiggles.
The ooze hits you.
You take 1 damage, and have 11/20 hp.
The rat closely misses you. The rat bites you.
You take 2 damage, and have 9/20 hp.
The hobgoblin misses you.
Things that are here:
a club; a hobgoblin corpse You barely miss the hobgoblin.
You barely miss the hobgoblin. The hobgoblin completely misses you.
You barely miss the hobgoblin. The hobgoblin barely misses you.
You hit the hobgoblin. You bite the hobgoblin.
The hobgoblin closely misses you.
You closely miss the hobgoblin. The hobgoblin barely misses you.
You hit the hobgoblin but do no damage. You bite the hobgoblin.
The hobgoblin misses you.
You hit the hobgoblin. The hobgoblin hits you with a club.
You take 3 damage, and have 7/20 hp.
You barely miss the hobgoblin. The hobgoblin hits you with a club.
* * * LOW HITPOINT WARNING * * *
The ooze jiggles.
You take 2 damage, and have 5/20 hp.
You closely miss the hobgoblin. The hobgoblin hits you with a club.
* * * LOW HITPOINT WARNING * * *
You take 3 damage, and have 2/20 hp.
You hit the hobgoblin but do no damage. The hobgoblin closely misses you.
You closely miss the hobgoblin. The hobgoblin completely misses you.
You hit the hobgoblin but do no damage. You hit the hobgoblin.
You kill the hobgoblin!
Your Transmutations skill increases to level 2!
You feel better. The ooze barely misses you.
You regained 5 hp, and now have 7/20 hp.
You hit the ooze. The ooze misses you.
You hit the ooze. The ooze misses you.
You hit the ooze. The ooze hits you.
* * * LOW HITPOINT WARNING * * *
You take 1 damage, and have 6/20 hp.
You hit the ooze. The ooze hits you.
* * * LOW HITPOINT WARNING * * *
You take 5 damage, and have 1/20 hp.
MASSIVE DAMAGE!!
You hit the ooze but do no damage. The ooze hits you.
You die...

## ##. ##.. ###... #.....
##.#...
#######################...#..
##........)rJ@................
#..$.......####....#.###...#..
#..######................#.##.
#..# .....#........####.#...
##..##...##..#.......## ###.#.
#......## #..#.......# #.#.
........##
#..###...#########.#.
.....##.#
#..................#.
..##.#∆...
..##################


You could see an ooze and a rat.

Vanquished Creatures
  A goblin (D:1)
  2 hobgoblins (D:1)
  A kobold (D:1)
4 creatures vanquished.

Notes
Turn   | Place    | Note
-------+----------+-------------------------------------------
     0 | D:1      | mhoghedin the Gnoll Wanderer began the quest for the Orb.
     0 | D:1      | mhoghedin set off with: a book of Minor Magic, the Papyrus of the Blaze, a potion of curing, a +0 robe, a +0 dagger, a ration
     0 | D:1      | Reached XP level 1. HP: 20/20 MP: 6/6
     0 | D:1      | Identified the Papyrus of the Blaze
   120 | D:1      | HP: 5/20 [hobgoblin/club (2)]
   121 | D:1      | HP: 2/20 [hobgoblin/club (3)]
   125 | D:1      | Reached skill level 2 in Transmutations
   130 | D:1      | HP: 1/20 [ooze (5)]
   131 | D:1      | Slain by an ooze

Vault maps used:
D:1:      sevenhm_arrival_forest_fort_small_5, minmay_pentomino_z2

Skill      XL: |  1 |
---------------+----+-----
Transmutations | 2 |  2.0
Fighting       | |  4.4
Short Blades   | |  0.1
Long Blades    | |  0.1
Axes           | |  0.1
Maces & Flails | |  0.1
Polearms       | |  0.1
Staves         | |  0.1
Slings         | |  0.1
Bows           | |  0.1
Crossbows      | |  0.1
Throwing       | |  0.1
Armour         | |  0.1
Dodging        | |  4.4
Stealth        | |  2.2
Shields        | |  2.4
Unarmed Combat | |  0.1
Spellcasting   | |  4.9
Conjurations   | |  0.1
Hexes          | |  0.1
Charms         | |  0.1
Summonings     | |  0.1
Necromancy     | |  0.1
Translocations | |  0.1
Fire Magic     | |  0.1
Ice Magic      | |  0.1
Air Magic      | |  0.1
Earth Magic    | |  0.1
Poison Magic   | |  0.1
Invocations    | |  0.2
Evocations     | |  2.4

Action                   || total
-------------------------++-------
Melee: Dagger            ||    29
       Bite              ||     5
  Use: Potion            ||     1
 Stab: Sleeping          ||     1
Armor: Robe              ||     1
Dodge: Dodged            ||    23

Table legend:
 A = Spawn XP
 B = Non-spawn XP
 C = Spawn XP percentage of total XP
 D = Spawn monster count
 E = Non-spawn monster count
 F = Spawn count percentage of total count
 G = Total turns spent on level
                    A         B        C        D         E        F      G
               +---------+---------+-------+---------+---------+-------+---------
         Total |       0 |       7 |   0.0 |       0 |       4 |   0.0 |   131
               +---------+---------+-------+---------+---------+-------+---------
           D:1 |       0 |       7 |   0.0 |       0 |       4 |   0.0 |   131
               +---------+---------+-------+---------+---------+-------+---------

Vault maps used:
D:1:      sevenhm_arrival_forest_fort_small_5, minmay_pentomino_z2

Table legend:
 A = Turns spent in this place as a percentage of turns spent in the entire game.
 B = Non-inter-level travel turns spent in this place as a percentage of non-inter-level travel turns spent in the entire game.
 C = Inter-level travel turns spent in this place as a percentage of turns spent in this place.
 D = Turns resting spent in this place as a percentage of non-inter-level travel turns spent in this place.
 E = Turns spent auto-exploring this place as a percentage of non-inter-level travel turns spent in this place.
 F = Non-inter-level travel turns spent in this place divided by the number of levels of this place that you've seen.
                   A       B       C       D       E      F
               +-------+-------+-------+-------+-------+----------------------
         Total | 100.0 | 100.0 |   0.0 |   0.0 |  48.1 | 131.0
       Dungeon | 100.0 | 100.0 |   0.0 |   0.0 |  48.1 | 131.0
               +-------+-------+-------+-------+-------+----------------------

Table legend:
 A = Kills in this place as a percentage of kills in entire the game.
 B = Kills by you in this place as a percentage of kills by you in the entire game.
 C = Kills by friends in this place as a percentage of kills by friends in the entire game.
 D = Other kills in this place as a percentage of other kills in the entire game.
 E = Experience gained in this place as a percentage of experience gained in the entire game.
 F = Experience gained in this place divided by the number of levels of this place that you have seen.
                   A       B       C       D       E      F
               +-------+-------+-------+-------+-------+----------------------
         Total | 100.0 | 100.0 |   N/A |   N/A | 100.0 |   7.0
       Dungeon | 100.0 | 100.0 |   N/A |   N/A | 100.0 |   7.0
               +-------+-------+-------+-------+-------+----------------------
